 Dungeon Sprint DCSS version 0.30-a0-989-g0d87f670db (webtiles) character file.

Game seed: 15040996738811274391

144 NinjaNoafa the Conjurer (level 5, -7/38 HPs)
             Began as a Draconian Conjurer on Apr 3, 2023.
             Was a Believer of Vehumet.
             Killed by divine providence
             ... invoked by an orc priest
              (12 damage)
             ... in the Dungeon (Sprint V: "Ziggurat Sprint").
             The game lasted 00:02:12 (264 turns).

NinjaNoafa the Conjurer (Draconian Conjurer)         Turns: 264, Time: 00:02:13

Health: -7/38      AC:  5    Str:  9    XL:     5   Next: 5%
Magic:  2/13       EV: 10    Int: 33    God:    Vehumet [**....]
Gold:   0          SH: 11    Dex:  9    Spells: 12/15 levels left

rFire   + . .      SeeInvis .    p - +0 spear "Widowmaker" {flame, rF+}
rCold   . . .      Faith    .    A - +3 kite shield
rNeg    . . .      Spirit   .    (body armour unavailable)
rPois   .          Reflect  .    (helmet restricted)
rElec   .          Rampage  .    (no cloak)
rCorr   .          NoTele   +    (no gloves)
Will    .....                    (no boots)
Stlth   ++                       (no amulet)
HPRegen 0.26/turn                s - +6 ring of intelligence
MPRegen 0.13/turn                t - +6 ring of intelligence

@: no status effects
A: AC +5, unfitting armour, cold-blooded
a: Renounce Religion


You were in the Dungeon.
You worshipped Vehumet.
Vehumet was pleased with you.
You visited 1 branch

Inventory:

Hand Weapons
 p - the +0 spear "Widowmaker" (weapon) {flame, rF+}
   (You found it in the Dungeon)

   rF:        It protects you from fire.
Armour
 A - a +3 kite shield (worn)
Magical Staves
 q - a staff of death
Jewellery
 s - a +6 ring of intelligence (left hand)
 t - a +6 ring of intelligence (right hand)
Wands
 x - a wand of mindburst (7)
 y - a wand of iceblast (7)
 z - a wand of light (5)
Scrolls
 f - 4 scrolls of blinking
 l - 4 scrolls of amnesia
 m - 7 scrolls of fog
 n - 5 scrolls of identify
 o - 2 scrolls of fear
Potions
 a - 8 potions of magic
 b - 10 potions of curing
 c - 8 potions of heal wounds
 d - 6 potions of haste
 e - 3 potions of berserk rage
 g - 2 potions of brilliance
 h - 2 potions of invisibility
 i - 4 potions of resistance
 k - 5 potions of might
Miscellaneous
 j - a box of beasts
 w - a lightning rod (4/4)


   Skills:
 - Level 1.7 Dodging
 - Level 1.7 Stealth
 + Level 5.4 Shields
 + Level 5.5 Spellcasting
 + Level 6.9 Conjurations
 + Level 5.4 Translocations


You had 12 spell levels left.
You knew the following spells:

 Your Spells              Type           Power      Damage    Failure   Level
a - Magic Dart            Conj           100%       1d8       1%          1
b - Searing Ray           Conj           100%       2d8       1%          2

Your spell library contained the following spells:

 Spells                   Type           Power      Damage    Failure   Level
 Shock                    Conj/Air       100%       1d9       3%          1
 Dazzling Flash           Conj/Hex       64%        N/A       9%          3
 Iskenderun's Mystic Bla  Conj/Tloc      50%        2d11      10%         4
 Fulminant Prism          Conj/Hex       16%        3d10      30%         4


Dungeon Overview and Level Annotations

Branches:
Dungeon (1/1)

Altars:
Ashenzari
Cheibriados
Dithmenos
Elyvilon
Fedhas
Gozag
Hepliaklqana
Kikubaaqudgha
Makhleb
Nemelex Xobeh
Okawaru
Qazlal
Ru
Sif Muna
Trog
Uskayaw
Vehumet
Wu Jian
Xom
Yredelemnul
Zin
The Shining One
Jiyva
Lugonu

Annotations:
D 1 transporter


Innate Abilities, Weirdness & Mutations

Your plain brown scales are hard. (AC +5)
You cannot fit into any form of body armour.
You are cold-blooded and may be slowed by cold attacks.


Message History

The orc priest is severely wounded. (Press . to maintain the ray.)
The orc priest calls down the wrath of Beogh upon you.
Pain shoots through your body!
* * * LOW HITPOINT WARNING * * *
The orc hits you with a +0 short sword.
* * * LOW HITPOINT WARNING * * *
You feel much better. The orc closely misses you.
The orc priest invokes the aid of Beogh against you.
Pain shoots through your body!
* * * LOW HITPOINT WARNING * * *
Unknown command.
Casting: Searing Ray (safe; 1% risk of failure)
Confirm with . or Enter, or press ? or * to list all spells.
You don't have enough magic to cast this spell.
You are too injured to fight recklessly!
You hit the orc. You burn the orc.
The orc is severely wounded.
You block the orc's attack.
The orc priest miscasts a cantrip.
Reach: p) +0 spear "Widowmaker" {flame, rF+}
Press: ? - help, Dir - move target, f/p - orc priest
Aim: an orc priest, wielding a +0 trident and wearing a +0 chain mail (severely wounded, about 36% to evade the +0 spear "Widowmaker")
You reach to attack!
You hit the orc priest but do no damage.
The orc priest is severely wounded.
The orc closely misses you. You block the orc priest's attack.
Reach: p) +0 spear "Widowmaker" {flame, rF+}
Press: ? - help, Dir - move target, f/p - orc priest
Aim: an orc priest, wielding a +0 trident and wearing a +0 chain mail (severely wounded, about 36% to evade the +0 spear "Widowmaker")
You reach to attack!
You hit the orc priest but do no damage.
The orc priest is severely wounded.
You block the orc's attack.
The orc priest invokes the aid of Beogh against you.
Beogh smites you!
* * * LOW HITPOINT WARNING * * *
The orc priest calls down the wrath of Beogh upon you.
Beogh smites you!
You die...

▓▓▓▓▓▓▓▓▓▓▓▓▓▓▓▓▓▓
▓.8©8.▓.8©8.▓.8©8.
▓.))).▓.[.).▓.....
▓..|..▓..)..▓.....
▓..)..▓.....▓..)..
▓..o..▓..)..▓..)..
▓o.)..▓..)..▓..©..
▓@.©..▓..©..▓▓▓▓▓▓
▓▓▓▓▓▓▓▓▓▓▓▓▓


You could see an orc priest and an orc.

Vanquished Creatures
  2 orc priests (D)
  3 orc wizards (D)
  2 orcs (D)
7 creatures vanquished.

Notes
Turn   | Place    | Note
-------+----------+-------------------------------------------
     0 | D        | NinjaNoafa the Draconian Conjurer began the quest for the
                  | Orb.
     0 | D        | Reached XP level 1. HP: 14/14 MP: 3/3
     0 | D        | Found a shimmering blue altar of Sif Muna.
     0 | D        | Found a sacrificial altar of Ru.
     0 | D        | Found a bloodstained altar of Trog.
     0 | D        | Found a stormy altar of Qazlal.
     0 | D        | Found an iron altar of Okawaru.
     0 | D        | Found a sparkling altar of Nemelex Xobeh.
     0 | D        | Found a blossoming altar of Fedhas.
     0 | D        | Found the +6 Majin-Bo {spellvamp, MP+6 Int+6}
     0 | D        | Found the +27 heavy crossbow "Sniper" {heavy, Acc+∞ SInv}
     0 | D        | Found the +10 dark maul {heavy}
     0 | D        | Found the +15 Maxwell's patent armour {-Cast -Tele rElec
                  | Will+ rCorr}
     0 | D        | Found the +18 shield of the Gong {Loud rN+ Will+ rCorr
                  | EV-5}
     0 | D        | Found the +16 obsidian axe {drain, demonic, Mesm Drain Fly
                  | SInv}
     0 | D        | Found the +7 great mace "Firestarter" {flame, inner flame,
                  | rFlCloud rF++}
     0 | D        | Found the +6 shillelagh "Devastator" {shatter}
     0 | D        | Found the +11 plutonium sword {Contam Stlth-}
     0 | D        | Found the +8 lance "Wyrmbane" {slay drac, rPois rF+ rC+
                  | AC+3}
     0 | D        | Found the +9 sword of Zonguldrok {reap}
     0 | D        | Found the +13 scythe of Curses {drain, curses, Drain}
     0 | D        | Found the +9 sword of Power {lifebolt}
     0 | D        | Found the +7 mace of Variability {chaos, chain chaos}
     0 | D        | Found the +11 Singing Sword {sonic wave}
     0 | D        | Found the +8 storm bow {elec, penet}
     2 | D        | Found a transporter.
     2 | D        | Found an ancient bone altar of Kikubaaqudgha.
     2 | D        | Found a viscous altar of Jiyva.
     2 | D        | Found a corrupted altar of Lugonu.
     2 | D        | Found a hazy altar of Hepliaklqana.
     2 | D        | Found a burning altar of Makhleb.
     2 | D        | Found an opulent altar of Gozag.
    67 | D        | Reached skill level 5 in Conjurations
    67 | D        | Reached XP level 2. HP: 20/20 MP: 3/6
    79 | D        | Became a worshipper of Vehumet
    97 | D        | Entered arena 2.
    97 | D        | Found a transporter.
   102 | D        | Reached XP level 3. HP: 12/26 MP: 4/8
   106 | D        | Learned a level 2 spell: Searing Ray
   116 | D        | Got the +0 spear "Widowmaker" {flame, rF+}
   160 | D        | Entered arena 3.
   160 | D        | Found a transporter.
   162 | D        | Reached * piety under Vehumet
   162 | D        | Offered knowledge of Shock by Vehumet.
   168 | D        | Reached skill level 6 in Conjurations
   172 | D        | Reached XP level 4. HP: 14/33 MP: 1/10
   249 | D        | Entered arena 4.
   249 | D        | Found a transporter.
   251 | D        | Reached ** piety under Vehumet
   252 | D        | Reached skill level 5 in Shields
   252 | D        | Reached skill level 5 in Spellcasting
   252 | D        | Reached skill level 5 in Translocations
   256 | D        | Reached XP level 5. HP: 4/38 MP: 3/13
   264 | D        | Killed from afar by an orc priest

Illustrated notes

Levels and vault maps discovered:
D:        sprint_v [room_start, room_1, room_2, room_3, room_4, room_5, room_6,
          room_7, room_8, room_9, room_10, room_11, room_12, room_13, room_14,
          room_15, room_16, room_17, room_18, room_19, room_20, room_21,
          room_22, room_23, room_24, room_25, room_26, room_27]

Skill      XL: |  1  2  3  4 |
---------------+-------------+-----
Shields        | 3 4 5 |  5.4
Spellcasting   | 3 4 5 |  5.5
Conjurations   | 5 6 |  6.9
Translocations | 3 4 5 |  5.4
Dodging        | |  1.7
Stealth        | |  1.7

Action                     |  1- 3 |  4- 6 || total
---------------------------+-------+-------++-------
  Melee: Unarmed           |     1 |       ||     1
         Tailslap          |     1 |       ||     1
         Spear             |     2 |     3 ||     5
   Cast: Magic Dart        |     2 |       ||     2
         Searing Ray       |     3 |     3 ||     6
  Evoke: Wand              |     2 |       ||     2
    Use: Potion            |     1 |     2 ||     3
 Armour: Skin              |     1 |     1 ||     2
  Dodge: Dodged            |     3 |     3 ||     6
  Block: Kite shield       |     4 |     8 ||    12

Table legend: (Time is in decaauts)
 A = Elapsed time spent in this place.
 B = Non-inter-level travel time spent in this place.
 C = Inter-level travel time spent in this place.
 D = Time resting spent in this place.
 E = Time spent auto-exploring this place.
 F = Levels seen in this place.
 G = Mean time per level.
                   A        B        C        D        E       F      G
               +--------+--------+--------+--------+--------+-----+--------+
         Total |    262 |    250 |     12 |    113 |     21 |   1 |  262.0 |
       Dungeon |    262 |    250 |     12 |    113 |     21 |   1 |  262.0 |
               +--------+--------+--------+--------+--------+-----+--------+

Top non-repeatable levels by time:
       D: 262 daAuts
